 Dungeon Crawl Stone Soup version 0.24-a0-613-g1ff6aac338 (webtiles) character file.

Game seed: 17829879216654806038, levelgen mode: deterministic

183 Gynju the Poker (level 5, 0/41 HPs)
             Began as a Formicid Fighter on Sept 12, 2019.
             Succumbed to an orc's poison
             ... on level 3 of the Dungeon.
             The game lasted 00:03:15 (2377 turns).

Gynju the Poker (Formicid Fighter)                  Turns: 2377, Time: 00:03:16

Health: 0/41       AC:  6    Str: 22    XL:     5   Next: 94%
Magic:  5/5        EV:  8    Int:  7    God:
Gold:   160        SH: 12    Dex: 10    Spells: 4/4 levels left

rFire    . . .     SeeInvis +   a - +0 trident
rCold    . . .     Gourm    .   c - +1 shield
rNeg     . . .     Faith    .   k - +0 scale mail
rPois    .         Spirit   .   (helmet unavailable)
rElec    .         Reflect  +   (no cloak)
rCorr    .         Harm     .   (no gloves)
MR       .....                  (no boots)
Stlth    ..........             o - +2 amulet of reflection
HPRegen  0.13/turn              (no ring)
MPRegen  0.09/turn              (no ring)

@: lethally poisoned (0 -> -14)
A: permanent stasis, dig shafts and tunnels, four strong arms, antennae 3
a: Dig, Shaft Self


You were on level 3 of the Dungeon.
You were hungry.

You visited 1 branch of the dungeon, and saw 3 of its levels.

You collected 160 gold pieces.

Inventory:

Hand Weapons
 a - a +0 trident (weapon)
 b - a +1 hunting sling of freezing
Missiles
 n - 46 stones (quivered)
Armour
 c - a +1 shield (worn)
 k - a +0 scale mail (worn)
Jewellery
 o - a +2 amulet of reflection (around neck)
 r - an uncursed ring of protection from cold {unknown}
Scrolls
 h - 3 scrolls of identify {@r1}
 p - a scroll of enchant armour
 q - a scroll of blinking {unknown}
Potions
 d - a potion of might
 e - 2 potions of curing {unknown}
 i - a potion of flight {unknown}
 j - a potion of lignification {unknown}
 l - 2 potions of degeneration {unknown}
 m - 3 potions of heal wounds {unknown}
Comestibles
 f - 3 rations
 g - 7 chunks of flesh


   Skills:
 - Level 3.2 Fighting
 + Level 5.7 Polearms
 - Level 3.2 Armour
 - Level 3.6 Shields


You had 4 spell levels left.
You didn't know any spells.
Your spell library was empty.

Dungeon Overview and Level Annotations

Branches:
Dungeon (3/15)

Altars:
Hepliaklqana
Okawaru
Yredelemnul
The Shining One


Innate Abilities, Weirdness & Mutations

You cannot be hasted, slowed, berserked, paralysed or teleported.
You can dig through walls and to a lower floor.
Your four strong arms can wield two-handed weapons with a shield.
You have a pair of large antennae on your head. (SInv)


Message History

* * * LOW HITPOINT WARNING * * *
You feel sick.
Things that are here:
a +0 mace; a cursed +0 leather armour; an orc corpse
* * * LOW HITPOINT WARNING * * *
You feel sick. You block the orc wizard's attack.
You hit the orc wizard.
The orc wizard is almost dead.
You are feeling hungry.
* * * LOW HITPOINT WARNING * * *
You feel sick. You block the orc wizard's attack.
The orc wizard mumbles some strange words.
The orc wizard flickers and vanishes for a moment.
You closely miss the orc wizard.
The orc wizard is almost dead.
* * * LOW HITPOINT WARNING * * *
You feel sick. You block the orc wizard's attack.
You hit the orc wizard.
You kill the orc wizard!
You die...

..##. ##. ....
#.. ### #..##.#
#.## #..#.# #..#
#...# ##.#
#..#### #.##
##.....# #...
####>.###.# ####
#@)).##
#.########
#.....%###
#......##.
#......#
######....
#......# #...#
#......# ##...#
#......# ##..###
##.##### #...#
#.
#########.#.###
##.....##......#


There were no monsters in sight!

Vanquished Creatures
  An orc priest (D:2)
  An orc wizard (D:3)
  3 adders
  2 oozes
  2 dart slugs
  A worm (D:3)
  7 orcs
  2 ball pythons (D:1)
  12 bats
  4 giant cockroaches
  12 goblins
  8 hobgoblins
  4 jackals
  8 kobolds
  3 frilled lizards
  7 rats
77 creatures vanquished.

Vanquished Creatures (others)
  A kobold (D:3)
1 creature vanquished.

Grand Total: 78 creatures vanquished

Notes
Turn   | Place    | Note
-------+----------+-------------------------------------------
     0 | D:1      | Gynju the Formicid Fighter began the quest for the Orb.
     0 | D:1      | Reached XP level 1. HP: 18/18 MP: 1/1
    67 | D:1      | Reached XP level 2. HP: 12/24 MP: 2/2
   354 | D:1      | Reached skill level 3 in Polearms
   528 | D:1      | Reached XP level 3. HP: 29/29 MP: 3/3
   930 | D:2      | Found a hazy altar of Hepliaklqana.
   955 | D:2      | Found an iron altar of Okawaru.
  1100 | D:2      | Found a glowing golden altar of the Shining One.
  1138 | D:2      | Reached skill level 4 in Polearms
  1138 | D:2      | Reached XP level 4. HP: 30/35 MP: 4/4
  1695 | D:2      | Found a basalt altar of Yredelemnul.
  1701 | D:2      | Noticed a profane servitor
  1708 | D:2      | Noticed an angel
  1935 | D:2      | Reached XP level 5. HP: 25/41 MP: 5/5
  2173 | D:2      | Reached skill level 5 in Polearms
  2375 | D:3      | HP: 2/41 [poisoned by an orc]
  2377 | D:3      | Succumbed to an orc's poison

Levels and vault maps discovered:
D:1:      lightli_arrival_chessboard, layout_basic, st_stairs_7
D:2:      layout_rooms, grunt_temple_overflow_holy_war, minitemple
D:3:      layout_rooms, serial_corexii_hall, corexii_hall_statues_x,
          corexii_hall_statues_s, corexii_hall_statues_l,
          corexii_hall_statues_x, first_ration, minmay_quantized, uniq_jessica

Skill      XL: |  1  2  3  4  5 |
---------------+----------------+-----
Polearms       | 3 4 5 |  5.7
Fighting       | |  3.2
Armour         | |  3.2
Shields        | |  3.6

Action                   |  1- 3 |  4- 6 || total
-------------------------+-------+-------++-------
Melee: Trident           |   114 |   170 ||   284
 Fire: Hunting sling     |    39 |     1 ||    40
 Abil: Dig               |     2 |       ||     2
  Use: Scroll            |     1 |     2 ||     3
  Eat: Chunk             |     1 |     4 ||     5
Armor: Scale mail        |    69 |    59 ||   128
Dodge: Dodged            |    47 |    45 ||    92
Block: Shield            |    80 |   123 ||   203
       Reflection        |       |     1 ||     1

Table legend:
 A = Non-vault XP
 B = Vault XP
 C = Vault XP percentage of total XP
 D = Non-vault monster count
 E = Vault monster count
 F = Vault count percentage of total count
                 A         B        C        D         E       F
            +---------+---------+-------+---------+---------+-------
      Total |     259 |       3 |   1.1 |      74 |       3 |   3.9
            +---------+---------+-------+---------+---------+-------
        D:1 |      57 |       1 |   1.7 |      34 |       1 |   2.9
        D:2 |     107 |       1 |   0.9 |      22 |       1 |   4.3
        D:3 |      95 |       1 |   1.0 |      18 |       1 |   5.3
            +---------+---------+-------+---------+---------+-------
